Map: [ESL] Solaris

Players

Maru - Winner!

  • Race: Terran Terran
  • Spawn Location: 7:00

ShoWTimE

  • Race: Protoss Protoss
  • League: Diamond
  • Spawn Location: 1:00

Event: IEM Katowice 2024

VOD

Have the link to the VOD?

Description

Time

  • Played on: Feb. 9, 2024, 9:55 a.m.
  • Length: 10:54

All games in this series

Show
View Real Time Build Order
Export as new Build Order

Maru Terran - Winner!

Build Orders: Liberator Opening 

Get SALT Encoding   

  12  0:00  SCV  
  13  0:12  SCV  
  14  0:17  Supply Depot  
  14  0:24  SCV  
  15  0:38  SCV  
  15  0:40  Barracks  
  16  0:42  Refinery  
  16  0:51  SCV  
  16  0:52  Refinery  
  17  1:03  SCV  
  18  1:15  SCV  
  19  1:19  Supply Depot  
  19  1:27  Orbital Command, Reaper  
  20  1:40  Factory  
  20  1:53  SCV  
  22  2:05  SCV  
  23  2:12  Barracks Reactor  
  22  2:17  SCV  
  22  2:21  Command Center  
  23  2:26  Hellion  
  23  2:29  SCV  
  26  2:34  Supply Depot  
  26  2:41  SCV  
  27  2:49  Reaper x2  
  27  2:50  Hellion  
  31  2:56  SCV  
  32  3:00  Starport  
  32  3:08  SCV  
  33  3:20  SCV  
  33  3:25  Cyclone x2  
  38  3:29  Marine  
  38  3:33  Orbital Command, SCV  
  40  3:41  Liberator  
  43  3:45  SCV  
  39  3:57  Cyclone x2, SCV  
  39  3:59  SCV  
  43  4:02  Marine  
  43  4:06  Supply Depot  
  43  4:09  SCV  
  45  4:11  SCV  
  46  4:21  SCV  
  46  4:22  Command Center  
  46  4:24  SCV  
  48  4:29  Cyclone x2  
  48  4:31  Marine  
  53  4:33  SCV  
  53  4:37  Supply Depot  
  54  4:39  Medivac  
  54  4:42  SCV  
  57  4:46  SCV  
  58  4:54  SCV  
  58  4:55  Refinery  
  58  4:58  SCV  
  58  4:59  Barracks  
  60  5:00  Barracks  
  60  5:06  SCV  
  61  5:09  Barracks Tech Lab  
  61  5:10  Starport Tech Lab  
  61  5:11  SCV  
  61  5:13  Cyclone x2  
  63  5:19  SCV  
  63  5:21  Refinery  
  64  5:24  SCV  
  65  5:30  Engineering Bay x2  
  65  5:31  Raven, SCV  
  65  5:34  Orbital Command  
  69  5:37  SCV  
  69  5:43  SCV  
  69  5:46  Barracks Tech Lab  
  69  5:48  Interference Matrix  
  69  5:49  SCV  
  71  5:51  Barracks Tech Lab  
  71  5:53  Siege Tank  
  71  5:55  SCV  
  75  6:03  SCV  
  76  6:04  Barracks, Supply Depot  
  76  6:05  Supply Depot  
  76  6:06  Barracks, Raven  
  78  6:14  Marine x3  
  78  6:15  Marine  
  78  6:18  Terran Infantry Weapons Level 1, Supply Depot  
  82  6:19  SCV x2  
  84  6:26  Terran Infantry Armor Level 1  
  84  6:31  SCV x2  
  84  6:32  Marine x4  
  88  6:39  Stimpack, Factory Reactor, Supply Depot  
  90  6:50  Marine  
  90  6:51  Marauder x2  
  95  6:54  Supply Depot  
  95  6:55  Missile Turret  
  95  6:58  Combat Shield  
  95  7:04  Marauder, Marine  
  95  7:05  Supply Depot  
  95  7:06  Concussive Shells  
  95  7:08  Marine  
  99  7:11  SCV x3  
  99  7:12  Marauder x2  
  105  7:20  Marauder  
  106  7:23  SCV x2  
  106  7:26  Marauder  
  106  7:27  Marine x2  
  106  7:28  Medivac  
  106  7:29  Medivac  
  116  7:32  Orbital Command  
  116  7:33  Marauder  
  116  7:35  SCV x2  
  120  7:37  Supply Depot  
  120  7:40  Factory Reactor  
  120  7:41  Marauder  
  120  7:44  Supply Depot  
  122  7:47  SCV, Marauder x2  
  122  7:48  SCV  
  128  7:53  Armory  
  128  7:55  Marauder  
  128  7:57  SCV  
  131  7:59  SCV  
  131  8:00  Supply Depot  
  131  8:02  Marauder  
  134  8:08  Marauder  
  134  8:11  SCV x2, Marauder  
  134  8:12  SCV  
  141  8:16  Marauder  
  141  8:18  Refinery x2  
  143  8:21  Widow Mine x2  
  143  8:23  Supply Depot  
  147  8:30  Command Center  
  147  8:36  Marine x2  
  147  8:37  Marauder x2  
  153  8:44  Marine  
  153  8:45  Marauder  
  155  8:49  Widow Mine x2, Medivac x2  
  155  8:54  Marine x2  
  163  8:58  Marauder, Supply Depot, Ghost Academy  
  157  9:03  Marauder, Marine  
  157  9:05  Marine  
  161  9:10  Widow Mine x2  
  160  9:17  Marine x2  
  160  9:19  Viking x2  
  160  9:20  Marauder  
  160  9:21  Marauder  
  160  9:23  Marine, Supply Depot x2  
  165  9:25  Marauder  
  163  9:31  Widow Mine  
  163  9:32  Widow Mine  
  165  9:40  SCV x3  
  168  9:47  Ghost x2  
  168  9:48  Viking  
  168  9:49  Viking  
  168  9:51  Missile Turret  
  168  9:52  SCV x2  
  178  9:55  Ghost  
  178  9:56  Marine x2  
  178  9:57  Marine  
  183  10:01  SCV  
  183  10:04  SCV x2  
  184  10:16  Marauder  
  184  10:20  Viking  
Show
View Real Time Build Order
Export as new Build Order

ShoWTimE Protoss 

Build Orders: 1 Gate Expand, Phoenix Opening 

Get SALT Encoding   

  12  0:00  Probe  
  13  0:12  Probe  
  14  0:17  Pylon  
  14  0:24  Probe  
  15  0:35  Gateway  
  15  0:36  Probe (Chrono Boost)  
  16  0:46  Assimilator, Probe (Chrono Boost)  
  17  0:51  Probe (Chrono Boost)  
  18  1:03  Probe  
  19  1:15  Probe  
  20  1:22  Nexus  
  20  1:31  Cybernetics Core  
  20  1:34  Probe  
  20  1:39  Assimilator  
  21  1:46  Probe  
  22  1:49  Pylon  
  22  1:56  Pylon  
  22  1:58  Probe  
  23  2:05  Adept (Chrono Boost)  
  24  2:10  Probe  
  25  2:18  Stargate  
  25  2:22  Probe  
  25  2:26  Stalker (Chrono Boost)  
  28  2:34  Probe (Chrono Boost)  
  30  2:38  Warp Gate  
  30  2:41  Probe (Chrono Boost)  
  30  2:43  Shield Battery  
  31  2:44  Probe (Chrono Boost)  
  31  2:48  Probe (Chrono Boost)  
  32  2:53  Stalker  
  32  2:56  Probe  
  35  2:59  Probe  
  36  3:05  Phoenix (Chrono Boost)  
  36  3:08  Probe  
  36  3:11  Probe  
  40  3:20  Probe  
  40  3:21  Pylon  
  40  3:23  Probe  
  40  3:25  Phoenix (Chrono Boost)  
  44  3:33  Probe  
  45  3:36  Gateway  
  45  3:38  Probe  
  46  3:45  Probe  
  46  3:51  Probe  
  46  3:57  Probe  
  46  3:59  Robotics Facility  
  46  4:01  Assimilator  
  47  4:03  Probe  
  47  4:05  Assimilator, Phoenix  
  47  4:08  Pylon  
  47  4:09  Probe  
  51  4:15  Probe  
  52  4:21  Probe  
  53  4:27  Stalker, Shield Battery, Probe  
  53  4:29  Stalker  
  58  4:32  Pylon  
  58  4:34  Probe  
  59  4:39  Probe  
  60  4:45  Pylon  
  60  4:47  Immortal (Chrono Boost)  
  60  4:49  Probe  
  64  4:56  Probe  
  65  5:00  Stalker x2, Pylon  
  65  5:02  Probe  
  70  5:17  Pylon  
  70  5:18  Robotics Bay, Probe  
  70  5:20  Observer (Chrono Boost)  
  72  5:29  Nexus  
  72  5:30  Probe  
  72  5:31  Probe  
  72  5:33  Sentry  
  72  5:34  Sentry  
  78  5:39  Pylon  
  78  5:41  Observer  
  78  5:43  Phoenix  
  78  5:45  Probe x2  
  82  5:50  Pylon  
  82  5:58  Probe x2  
  82  6:01  Pylon  
  82  6:02  Colossus (Chrono Boost)  
  84  6:09  Observer  
  84  6:10  Probe x2  
  92  6:11  Extended Thermal Lance  
  92  6:23  Forge, Probe x2 (Chrono Boost)  
  92  6:24  Twilight Council  
  94  6:29  Observer  
  94  6:35  Probe x2 (Chrono Boost)  
  96  6:44  Probe x3 (Chrono Boost)  
  96  6:46  Gateway  
  99  6:48  Colossus (Chrono Boost)  
  99  6:49  Gateway  
  99  6:50  Probe  
  99  6:52  Charge (Chrono Boost)  
  99  6:53  Probe  
  107  6:55  Probe  
  107  6:57  Pylon  
  108  7:01  Protoss Ground Weapons Level 1 (Chrono Boost)  
  108  7:02  Probe  
  108  7:05  Probe  
  108  7:07  Probe  
  111  7:09  Assimilator  
  111  7:11  Assimilator  
  111  7:31  Gateway x2, Colossus (Chrono Boost)  
  111  7:32  Gateway  
  111  7:35  Shield Battery  
  111  7:37  Templar Archives  
  117  7:38  Gateway  
  117  7:42  Zealot x2  
  121  7:48  Zealot x2  
  121  7:50  Pylon  
  125  7:54  Pylon  
  125  7:55  Pylon  
  125  7:58  Nexus  
  125  8:06  Gravitic Drive  
  125  8:12  Pylon  
  125  8:15  High Templar x2  
  125  8:18  Warp Prism, Pylon  
  125  8:19  High Templar x2  
  133  8:23  Pylon  
  125  8:29  Archon  
  125  8:30  Zealot x3  
  130  8:37  Nexus, Zealot  
  132  8:48  Zealot  
  134  8:51  Zealot  
  134  8:52  Zealot x5  
  134  8:54  Colossus (Chrono Boost)  
  142  9:02  Zealot  
  134  9:12  Zealot x6  
  142  9:30  Zealot  
  144  9:31  Nexus  
  144  9:33  Zealot  
  144  9:38  Observer (Chrono Boost)  
  147  9:44  High Templar  
  148  9:48  Archon  
  148  10:00  Zealot x2  
  148  10:06  High Templar  
  154  10:07  High Templar x3  
  154  10:11  Archon x2  
  160  10:19  High Templar x2, Immortal (Chrono Boost)  
  162  10:25  Zealot  
  162  10:26  Zealot  
  148  10:38  Archon  
  148  10:42  Zealot x6  

Tags
 
Add a new tag
Caveats
  • Supply blocks, unpowered buildings, or Contaminate may cause inaccurate times.
  • Supply counts are checked every 10 seconds.